 Dungeon Crawl Stone Soup version 0.20-a0-924-gfa95efa (webtiles) character file.

919 JeffiDaFish the Shield-Bearer (level 8, -4/48 HPs)
             Began as a Gargoyle Fighter on Mar 27, 2017.
             Was a Believer of Okawaru.
             Slain by a two-headed ogre
             ... wielding a +0 giant spiked club
              (6 damage)
             ... on level 5 of the Dungeon.
             The game lasted 00:07:30 (4700 turns).

JeffiDaFish the Shield-Bearer (Gargoyle Fighter)    Turns: 4700, Time: 00:07:30

Health: -4/48      AC: 19    Str: 21    XL:     8   Next: 9%
Magic:  8/8        EV:  5    Int:  8    God:    Okawaru [**....]
Gold:   322        SH: 10    Dex: 11    Spells: 7/7 levels left

rFire    . . .     SeeInvis .   a - +0 flail
rCold    . . .     Gourm    .   c - +0 shield
rNeg     + . .     Faith    .   o - +0 plate armour
rPois    ∞         Spirit   .   (no helmet)
rElec    +         Reflect  .   (no cloak)
rCorr    .         Harm     .   e - +1 pair of gloves
MR       .....                  (no boots)
Stlth    ..........             (no amulet)
Regen    0.2/turn               (no ring)
MPRegen  0.2/turn               (no ring)

@: no status effects
A: negative energy resistance 1, electricity resistance, unbreathing,
petrification resistance, rot immunity, AC +5
a: Heroism, Renounce Religion


You were on level 5 of the Dungeon.
You worshipped Okawaru.
Okawaru was pleased with you.
You were not hungry.

You visited 1 branch of the dungeon, and saw 5 of its levels.

You collected 322 gold pieces.

Inventory:

Hand Weapons
 a - a +0 flail (weapon)
Armour
 c - a +0 shield (worn)
 e - a +1 pair of gloves (worn)
 o - a +0 plate armour (worn)
Jewellery
 b - an uncursed ring of protection from cold {unknown}
Scrolls
 j - 2 scrolls of teleportation
 m - 2 scrolls of remove curse
 n - a scroll of identify
Potions
 d - a potion of might
 h - a potion of resistance
 k - 2 potions of flight
 l - 2 potions of haste
Comestibles
 f - 6 bread rations
 g - a meat ration
 i - 6 fruits
 q - 18 chunks of flesh


   Skills:
 + Level 4.3 Fighting
 + Level 5.5 Maces & Flails
 + Level 5.4 Armour
 + Level 2.1 Dodging
 + Level 0.8 Stealth
 + Level 6.0 Shields


You had 7 spell levels left.
You didn't know any spells.

Dungeon Overview and Level Annotations

Branches:
Dungeon (5/15)
 Temple: D:4-7

Altars:
Cheibriados
Okawaru
Wu Jian

Shops:
D:4 %(}(


Innate Abilities, Weirdness & Mutations

You are resistant to torment.
Your stone body is resilient. (AC +5)
You are immune to poison.
You resist negative energy. (rN+)
You are resistant to electric shocks. (rElec)
You can survive without breathing.
You are immune to petrification.
You are immune to rotting.


Message History

You completely miss the two-headed ogre.
The two-headed ogre is lightly wounded.
The two-headed ogre hits you with a giant spiked club.
* * * LOW HITPOINT WARNING * * *
You block the two-headed ogre's attack.
You hit the two-headed ogre but do no damage.
The two-headed ogre hits you with a giant spiked club.
* * * LOW HITPOINT WARNING * * *
The two-headed ogre hits you with a giant club.
* * * LOW HITPOINT WARNING * * *
You feel much better.
Your plate armour prevents you from hitting the two-headed ogre.
The two-headed ogre hits you with a giant spiked club!!
* * * LOW HITPOINT WARNING * * *
The two-headed ogre hits you with a giant club.
* * * LOW HITPOINT WARNING * * *
You hit the two-headed ogre.
The two-headed ogre is lightly wounded.
The two-headed ogre hits you with a giant spiked club.
You die...

####.####.##
#..##)†#.#.#
#.##.#.##.## #
#.#%#.###.# .##
#....## #.## #.#
##...#.###...
#.###.#..##.####.
##.#..#.##.#.##...
#@#.######.##.....
#....oO####
##....... .....rr
#........ #......
#........ ##...$#
##....... #####
########


You could see a two-headed ogre, an orc warrior, a river rat and a rat.

Vanquished Creatures
  2 ogres
  A phantom (D:4)
  2 scorpions
  A crimson imp (D:5)
  A bullfrog zombie (D:5)
  3 orc priests
  A bullfrog skeleton (D:5)
  A hound (D:4)
  2 orc wizards
  2 worker ants
  10 adders
  5 river rats (D:5)
  An ooze (D:2)
  An adder zombie (D:5)
  A worm (D:2)
  4 dart slugs
  A leopard gecko (D:1)
  9 orcs
  2 ball pythons (D:2)
  7 giant cockroaches
  9 goblins
  7 hobgoblins
  2 jackals (D:3)
  5 kobolds
  12 quokkas
  4 bats
  7 frilled lizards
  A quokka skeleton (D:4)
  20 rats
124 creatures vanquished.

Notes
Turn   | Place    | Note
-------+----------+-------------------------------------------
     0 | D:1      | JeffiDaFish the Gargoyle Fighter began the quest for the Orb.
     0 | D:1      | Reached XP level 1. HP: 14/14 MP: 1/1
   190 | D:1      | Reached XP level 2. HP: 19/19 MP: 2/2
   829 | D:2      | Found a snail-covered altar of Cheibriados.
   834 | D:2      | Reached XP level 3. HP: 23/23 MP: 3/3
  1122 | D:2      | Reached skill level 1 in Dodging
  1122 | D:2      | Reached XP level 4. HP: 22/29 MP: 4/4
  1389 | D:2      | Reached skill level 4 in Shields
  1512 | D:2      | Found an iron altar of Okawaru.
  1538 | D:2      | Became a worshipper of Warmaster Okawaru
  1830 | D:3      | Reached XP level 5. HP: 31/33 MP: 5/5
  1954 | D:3      | Found an ornate altar of the Wu Jian Council.
  2662 | D:3      | Reached XP level 6. HP: 30/38 MP: 6/6
  3063 | D:4      | Found Efued's Gadget Shoppe.
  3120 | D:4      | Found Duacretz's Antique Weapon Emporium.
  3491 | D:4      | Found Ofasuope's General Store.
  3524 | D:4      | Found Sutet's Food Emporium.
  3860 | D:4      | Reached * piety under Okawaru
  3860 | D:4      | Reached XP level 7. HP: 39/42 MP: 7/7
  3989 | D:4      | Reached skill level 5 in Shields
  4116 | D:4      | Reached skill level 5 in Armour
  4341 | D:4      | Found Xole's Antique Weapon Shop.
  4366 | D:5      | Entered Level 5 of the Dungeon
  4458 | D:5      | Reached skill level 5 in Maces & Flails
  4494 | D:5      | Reached XP level 8. HP: 45/48 MP: 8/8
  4542 | D:5      | Reached ** piety under Okawaru
  4620 | D:5      | Reached skill level 6 in Shields
  4687 | D:5      | Noticed a two-headed ogre
  4699 | D:5      | HP: 2/48 [two-headed ogre/giant spiked club (3)]
  4700 | D:5      | Slain by a two-headed ogre

Vault maps used:
D:1:      saegor_arrival_simple_b
D:2:      kennysheep_slug_shrine, okawaru_ov_weapons_minmay
D:3:      old_standard_altar
D:4:      serial_shops, kennysheep_mini, shop, shop, shop, shop_fountains
D:5:      lemuel_ratsnest, kennysheep_mini_moat, minmay_temple_entry_overgrown,
          serial_shops, nicolae_shop_behind_doors, first_bread, uniq_edmund,
          uniq_crazy_yiuf_cottage

Skill      XL: |  1  2  3  4  5  6  7  8 |
---------------+-------------------------+-----
Dodging        | 1 2 |  2.1
Shields        | 4 5 6 |  6.0
Maces & Flails | 3 4 5 |  5.5
Armour         | 4 5 |  5.4
Fighting       | 4 |  4.3
Stealth        | |  0.8

Action                   |  1- 3 |  4- 6 |  7- 9 || total
-------------------------+-------+-------+-------++-------
Melee: Flail             |   116 |   248 |   223 ||   587
  Use: Potion            |     6 |     3 |     1 ||    10
       Scroll            |     1 |     7 |     2 ||    10
  Eat: Chunk             |     1 |     7 |     5 ||    13
Armor: Scale mail        |    76 |    93 |       ||   169
       Plate armour      |       |    29 |   144 ||   173
Dodge: Dodged            |    48 |    77 |    41 ||   166
Block: Shield            |    76 |   136 |   130 ||   342
